 Dungeon Crawl Stone Soup version 0.29-a0-284-gf9362112df (webtiles) character file.

Game seed: 946354438244919579

4 PaleWalker the Magician (level 1, 0/16 HPs)
             Began as a Mummy Warper on Mar 31, 2022.
             Slain by a goblin
             ... wielding a +0 club
              (2 damage)
             ... on level 1 of the Dungeon.
             The game lasted 00:00:51 (88 turns).

PaleWalker the Magician (Mummy Warper)                Turns: 88, Time: 00:00:52

Health: 0/16       AC:  3    Str: 14    XL:     1   Next: 58%
Magic:  4/4        EV: 11    Int: 12    God:
Gold:   12         SH:  0    Dex: 11    Spells: 5/5 levels left

rFire   x . .      SeeInvis .   a - +0 falchion
rCold   + . .      Faith    .   (no shield)
rNeg    + + +      Spirit   .   b - +0 leather armour
rPois   ∞          Reflect  .   (no helmet)
rElec   .          Harm     .   (no cloak)
rCorr   .          Rampage  .   (no gloves)
Will    .....                   (no boots)
Stlth   +.........              (no amulet)
HPRegen 0.05/turn               (no ring)
MPRegen 0.09/turn               (no ring)

@: no status effects
A: cold resistance 1, negative energy resistance 3, torment resistance 2, heat
vulnerability 1, no potions
a: no special abilities


You were on level 1 of the Dungeon.
You visited 1 branch of the dungeon, and saw 1 of its levels.

You collected 12 gold pieces.

Inventory:

Hand Weapons
 a - a +0 falchion (weapon)
Missiles
 d - 7 boomerangs of dispersal (quivered)
Armour
 b - a +0 leather armour (worn)
Jewellery
 e - a ring of ice
Scrolls
 c - a scroll of blinking


   Skills:
 + Level 2.1 Fighting
 * Level 1.9 Long Blades
 - Level 0.7 Throwing
 - Level 0.7 Armour
 - Level 1.5 Dodging
 - Level 2.6 Spellcasting
 - Level 2.4 Translocations


You had 5 spell levels left.
You didn't know any spells.
Your spell library contained the following spells:

 Spells                   Type           Power      Damage    Failure   Level
 Blink                    Tloc           14%        N/A       19%         2
 Gell's Gravitas          Tloc           7%         N/A       34%         3
 Lesser Beckoning         Tloc           7%         N/A       34%         3
 Teleport Other           Tloc           7%         N/A       34%         3
 Manifold Assault         Tloc           7%         N/A       97%         5


Dungeon Overview and Level Annotations

Branches:
Dungeon (1/15)

Altars:


Innate Abilities, Weirdness & Mutations

You are immune to poison.
Your flesh is cold resistant. (rC+)
You are immune to negative energy. (rN+++)
You are immune to unholy pain and torment.
You are vulnerable to heat. (rF-)
You do not drink.


Message History

a +0 club; a goblin corpse You now have 12 gold pieces.
You open the door.
A hobgoblin and a goblin come into view.
The hobgoblin shouts!
The goblin shouts!
An endoplasm comes into view.
The endoplasm quivers.
There is an open door here.
You closely miss the goblin. The goblin hits you but does no damage.
You closely miss the hobgoblin. The goblin hits you with a +0 club.
The hobgoblin barely misses you.
You barely miss the hobgoblin. The goblin hits you with a +0 club.
The hobgoblin closely misses you.
You hit the hobgoblin.
The hobgoblin is moderately wounded.
The goblin hits you with a +0 club. The hobgoblin hits you.
You hit the hobgoblin.
You kill the hobgoblin!
The goblin barely misses you.
You hit the endoplasm.
The endoplasm is severely wounded.
The goblin closely misses you. The endoplasm closely misses you.
The endoplasm hits you but does no damage.
The goblin hits you with a +0 club.
You hit the endoplasm but do no damage.
The endoplasm is severely wounded.
The endoplasm freezes you.
You are frozen.
You resist. The goblin barely misses you.
You hit the endoplasm.
You kill the endoplasm!
The goblin barely misses you.
You barely miss the goblin. The goblin hits you with a +0 club.
You hit the goblin.
The goblin is heavily wounded.
The goblin hits you with a +0 club.
* * * LOW HITPOINT WARNING * * *
You hit the goblin.
The goblin is severely wounded.
The goblin hits you with a +0 club.
You die...

... #.#........# #
#.# #.#........# ##.
... #.#........#
##.#
#.######.#........#
#..#
#.##...#.#........#
...#
#.#.###..#........#
#..###..##
#..#........#
#.......#
##.##'#######
#.###...#
##..g@....... #.#
#.#...##.........###
#.#
#.#.#.############
#.# ##.#.## #.# # #.
).# ## .## ..# .##


You could see a goblin.

Vanquished Creatures
  An endoplasm (D:1)
  A goblin (D:1)
  A hobgoblin (D:1)
  A rat (D:1)
4 creatures vanquished.

Notes
Turn   | Place    | Note
-------+----------+-------------------------------------------
     0 | D:1      | PaleWalker the Mummy Warper began the quest for the Orb.
     0 | D:1      | Reached XP level 1. HP: 16/16 MP: 4/4
    88 | D:1      | Slain by a goblin

Illustrated notes

Levels and vault maps discovered:
D:1:      lemuel_arrival_funnel, layout_loops_ring, roderic_roman_lattice,
          minivault_25

Action                   || total
-------------------------++-------
Melee: Falchion          ||    15
Armor: Leather armour    ||     2
Dodge: Dodged            ||     9

Table legend: (Time is in decaauts)
 A = Elapsed time spent in this place.
 B = Non-inter-level travel time spent in this place.
 C = Inter-level travel time spent in this place.
 D = Time resting spent in this place.
 E = Time spent auto-exploring this place.
 F = Levels seen in this place.
 G = Mean time per level.
                   A        B        C        D        E       F      G
               +--------+--------+--------+--------+--------+-----+--------+
         Total |     90 |     90 |      0 |      0 |     62 |   1 |   90.0 |
       Dungeon |     90 |     90 |      0 |      0 |     62 |   1 |   90.0 |
               +--------+--------+--------+--------+--------+-----+--------+

Top non-repeatable levels by time:
     D:1: 90 daAuts
